 Dungeon Crawl Stone Soup version 0.17-a0-1-g1f4be75 (webtiles) character file.

469 Gronka the Covered (level 7, -3/53 HPs)
             Began as a Human Fighter on Mar 9, 2015.
             Slain by a slave (5 damage)
             ... led by Pikel
             ... on level 6 of the Dungeon.
             The game lasted 00:11:30 (4349 turns).

Gronka the Covered (Human Fighter)                  Turns: 4349, Time: 00:11:34

Health: -3/53      AC: 12    Str: 19    XL:     7   Next: 30%
Magic:  7/7        EV:  4    Int:  8    God:
Gold:   219        SH:  9    Dex: 12    Spells: 0 memorised, 6 levels left

rFire  . . .     SeeInvis .     a - +1 war axe
rCold  . . .     Clarity  .     d - +0 plate armour
rNeg   . . .     SustAb   .     c - +0 shield
rPois  .         Gourm    .     (no helmet)
rElec  .         Spirit   .     (no cloak)
rCorr  .         Warding  .     (no gloves)
rMut   .         Stasis   .     (no boots)
MR     .....                    (no amulet)
Stlth  ..........               (no ring)
                                (no ring)

@: slowed, very slow, not resistant to hostile enchantments, extremely
unstealthy
A: no striking features
a: no special abilities


You were on level 6 of the Dungeon.
You were hungry.

You visited 1 branch of the dungeon, and saw 6 of its levels.

You collected 219 gold pieces.

Inventory:

Hand weapons
 a - a +1 war axe (weapon)
Armour
 b - a +1 scale mail
 c - a +0 shield (worn)
 d - a +0 plate armour (worn)
Magical devices
 g - a wand of random effects (35)
 n - a wand of random effects (25)
Scrolls
 f - 4 scrolls of remove curse
 k - a scroll of immolation
Potions
 e - 2 potions of might
 i - a potion of haste {unknown}
 r - a potion of mutation {unknown}
 t - a potion of magic {unknown}
Comestibles
 u - a meat ration


   Skills:
 + Level 3.9 Fighting
 + Level 3.7 Axes
 + Level 5.0 Armour
 + Level 2.1 Dodging
 + Level 0.2 Stealth
 + Level 4.5 Shields


You had 6 spell levels left.
You didn't know any spells.

Dungeon Overview and Level Annotations

Branches:
Dungeon (6/15)
 Temple: D:4-7

Altars:
Fedhas

Annotations:
D:5 ZiggyStardust's ghost, experienced OgMo
D:6 Pikel


Message History

The slave is moderately wounded.
Pikel zaps a wand.
You resist with some effort. You block the slave's attack.
You block the slave's attack.
Pikel zaps a wand.
You resist with some effort. The slave barely misses you. The slave hits you.
* * * LOW HITPOINT WARNING * * *
Pikel hits you but does no damage.
Drink which item? (? for menu, Esc to quit)
It was a potion of brilliance.
You feel clever all of a sudden. You block the slave's attack.
The slave hits you but does no damage. Pikel hits you but does no damage.
The slave hits you but does no damage. The slave hits you but does no damage.
Drink which item? (? for menu, Esc to quit)
It was a potion of cancellation.
Your magical effects are unravelling.
You feel magically purged.
You feel yourself speed up.
You feel a little less clever now.
Pikel zaps a wand.
You feel yourself slow down. The slave barely misses you. The slave hits you.
You die...

# #...>..#
#.######......#####
#.....##...........#
#......###.#.####.
#.##.#.#........# #
#.#.#.###..#.#.#
#<..#.###..#.#.#
###.# #.....Kp.##.#
### ###...@p.$..#
#..#####.## #..#
##.# ..# ... ####


You could see Pikel and 2 slaves.

Vanquished Creatures
  2 slaves (D:6)
  A phantom (D:6)
  Sigmund (D:3)
  Crazy Yiuf (D:3)
  A hound (D:5)
  An orc wizard (D:3)
  A worker ant (D:4)
  Terence (D:3)
  3 gnolls (D:3)
  2 adders
  2 giant mites
  5 worms
  3 giant geckos
  2 oozes
  5 orcs (D:3)
  8 bats
  3 giant cockroaches
  15 goblins
  10 hobgoblins
  11 jackals
  12 kobolds
  2 quokkas
  4 giant newts
  3 rats
99 creatures vanquished.

Notes
Turn   | Place    | Note
--------------------------------------------------------------
     0 | D:1      | Gronka, the Human Fighter, began the quest for the Orb.
     0 | D:1      | Reached XP level 1. HP: 18/18 MP: 1/1
   198 | D:1      | Reached XP level 2. HP: 9/24 MP: 2/2
   553 | D:1      | Reached XP level 3. HP: 27/29 MP: 3/3
  1080 | D:2      | Reached skill level 1 in Dodging
  1766 | D:2      | Reached XP level 4. HP: 22/35 MP: 4/4
  2109 | D:3      | Noticed Terence
  2114 | D:3      | Killed Terence
  2205 | D:3      | Noticed Sigmund
  2221 | D:3      | Killed Sigmund
  2221 | D:3      | Reached skill level 4 in Armour
  2221 | D:3      | Reached XP level 5. HP: 19/41 MP: 5/5
  2593 | D:3      | Noticed Crazy Yiuf
  2598 | D:3      | Killed Crazy Yiuf
  2598 | D:3      | Reached XP level 6. HP: 34/47 MP: 6/6
  2946 | D:3      | Found a blossoming altar of Fedhas.
  3904 | D:5      | Entered Level 5 of the Dungeon
  3918 | D:5      | Reached XP level 7. HP: 46/53 MP: 7/7
  3968 | D:5      | Noticed ZiggyStardust's ghost (experienced OgMo)
  3982 | D:5      | HP: 2/53 [something (2)]
  3992 | D:5      | HP: 2/53 [ZiggyStardust's ghost (2)]
  4313 | D:6      | Reached skill level 5 in Armour
  4322 | D:6      | Noticed Pikel
  4341 | D:6      | HP: 1/53 [slave[Pikel] (3)]
  4347 | D:6      | HP: 2/53 [slave[Pikel] (5)]
  4349 | D:6      | Slain by a slave

Action                   |  1- 3 |  4- 6 |  7- 9 || total
-------------------------+-------+-------+-------++-------
Melee: War axe           |   154 |   193 |    72 ||   419
Evoke: Wand              |       |       |     2 ||     2
  Use: Scroll            |       |     8 |     1 ||     9
       Potion            |       |       |     7 ||     7
  Eat: Bread ration      |     1 |     1 |       ||     2
       Fruit             |       |     3 |       ||     3
